 Dungeon Crawl Stone Soup version 0.27.1 (webtiles) character file.

Game seed: 15522708603434249875

11 sakkuzi the Fighter (level 2, -9/33 HPs)
             Began as a Gnoll Wanderer on Aug 22, 2021.
             Mangled by a gnoll (12 damage)
             ... on level 2 of the Dungeon.
             The game lasted 00:03:00 (710 turns).

sakkuzi the Fighter (Gnoll Wanderer)                 Turns: 710, Time: 00:03:00

Health: -9/33      AC:  2    Str: 10    XL:     2   Next: 25%
Magic:  5/5        EV: 12    Int: 10    God:
Gold:   0          SH:  0    Dex: 13    Spells: 5/6 levels left

rFire    . . .     SeeInvis .   d - +0 whip {mace}
rCold    . . .     Faith    .   (no shield)
rNeg     . . .     Spirit   .   c - +0 robe
rPois    .         Reflect  .   (no helmet)
rElec    .         Harm     .   (no cloak)
rCorr    .         Rampage  .   (no gloves)
Will     .....                  (no boots)
Stlth    +.........             (no amulet)
HPRegen  0.11/turn              (no ring)
MPRegen  0.09/turn              (no ring)

@: no status effects
A: fangs 1, strong nose, distributed training
a: no special abilities


You were on level 2 of the Dungeon.
You visited 1 branch of the dungeon, and saw 2 of its levels.


Innate Abilities, Weirdness & Mutations

You have very sharp teeth.
Your uncanny sense of smell can sniff out nearby items.
Your experience applies equally to all skills.


   Skills:
 + Level 8.4 Fighting
 + Level 0.3 Short Blades
 + Level 0.3 Long Blades
 + Level 0.3 Axes
 + Level 0.3 Maces & Flails
 + Level 0.3 Polearms
 + Level 0.3 Staves
 + Level 0.3 Slings
 + Level 0.3 Bows
 + Level 0.3 Crossbows
 + Level 4.4 Throwing
 + Level 0.3 Armour
 + Level 2.4 Dodging
 + Level 0.3 Stealth
 + Level 0.3 Shields
 + Level 0.3 Unarmed Combat
 + Level 2.7 Spellcasting
 + Level 0.2 Conjurations
 + Level 0.2 Hexes
 + Level 0.2 Summonings
 + Level 0.2 Necromancy
 + Level 0.2 Translocations
 + Level 2.0 Transmutations
 + Level 2.0 Fire Magic
 + Level 0.2 Ice Magic
 + Level 0.2 Air Magic
 + Level 0.2 Earth Magic
 + Level 0.2 Poison Magic
 + Level 0.4 Invocations
 + Level 0.3 Evocations


You had 5 spell levels left.
You knew the following spells:

 Your Spells              Type           Power      Damage    Failure   Level
a - Foxfire               Conj/Fire      12%        2x1d4     19%         1

Your spell library contained the following spells:

 Spells                   Type           Power      Damage    Failure   Level
 Conjure Flame            Conj/Fire      3%         6-21      50%         3
 Inner Flame              Hex/Fire       3%         N/A       50%         3
 Sticky Flame             Conj/Fire      3%         2d3       88%         4
 Fireball                 Conj/Fire      1%         3d3       99%         5

Inventory:

Hand Weapons
 a - a +0 dagger {short}
 d - a +0 whip (weapon) {mace}
   (You found it on level 1 of the Dungeon)
Missiles
 e - 18 arrows
Armour
 c - a +0 robe (worn)
Potions
 b - a potion of lignification {!q}

Dungeon Overview and Level Annotations

Branches:
Dungeon (1/15)

Altars:

#..........# #.#
#..........###.# .
##..........##.# ..
##........#....#####..#
#..........###........#
#..........# #......###
### #.......w..#
##........ ..#
#........g?# #.#######
#.# #.)...g.SJ@# #.#
#.# ##......gg## #.####
#.. ##..[..J##
###w..w######..
########
#..g##.........
#.#..######..!. #.##.#
#..#.. # #=# #.##.# #..
...#... ........#.#.


You could see a worm, 3 gnolls, 2 endoplasms, a hobgoblin and a ball python.


Message History

😨 HP[+1]
You hit the hobgoblin. The hobgoblin barely misses you.
You hit the hobgoblin.
You kill the hobgoblin! 😨 HP[+1]
You start resting. 😎 HP[+22]
Your hp is fully restored (33).
There is a stone staircase leading down here.
You see here a +0 whip {mace}.
d - a +0 whip {mace}
d - a +0 whip (weapon)
{mace} You fall into a shaft and drop 1 floor!
The shaft crumbles and collapses.
A worm and a kobold come into view.
The kobold shouts!
You hit the kobold.
You kill the kobold!
Things that are here:
a +0 short sword {short}; a kobold corpse Hit: d) +0 whip {mace}
Press: ? - help, Dir - move target, f - worm
Aim: a worm (about 21% to evade your +0 whip)
Your weapon can't reach that far!
Okay, then.
You hit the worm. You barely miss the worm. The worm bites you. 😕 HP[-1]
You take 1 damage, and now have 32/33 hp.
Hit: d) +0 whip {mace}
Press: ? - help, Dir - move target, f - you
Okay, then.
You hit the worm. The worm bites you! 😮 HP[-11]
You take 11 damage, and now have 21/33 hp.
MASSIVE DAMAGE!! (PAUSE)
You barely miss the worm. You bite the worm. 😮 HP[+1]
You hit the worm. The worm bites you. 😮 HP[-2]
You take 2 damage, and now have 20/33 hp.
You hit the worm but do no damage. The worm bites you!
* * * LOW HITPOINT WARNING * * *
😨 HP[-9]
You take 9 damage, and now have 11/33 hp.
MASSIVE DAMAGE!! (PAUSE)
A ball python comes into view.
The ball python hisses angrily.
You see here a murky cyan potion.
A gnoll comes into view. It is wielding a +0 spear. 😨 HP[+1]
The gnoll shouts!
A gnoll comes into view. It is wielding a +0 spear.
A gnoll comes into view. It is wielding a +0 halberd. 😨 HP[+1]
There are no items here.
The gnoll shouts!
The ball python bites you.
* * * LOW HITPOINT WARNING * * *
The ball python closely misses you. 😨 HP[-1]
You take 1 damage, and now have 12/33 hp.
A hobgoblin comes into view.
An endoplasm comes into view.
The ball python barely misses you. The ball python grabs you.
The ball python constricts you.
You escape the ball python's grasp.
The endoplasm quivers. 😨 HP[+1]
An endoplasm comes into view.
The hobgoblin completely misses you.
The endoplasm quivers.
The hobgoblin misses you.
You hit the endoplasm. The ball python misses you.
The ball python barely misses you. The hobgoblin closely misses you.
The endoplasm barely misses you. The ball python closely misses you.
The ball python misses you.
The gnoll hits you from afar with a +0 spear!
* * * LOW HITPOINT WARNING * * *
😱 HP[-9]
You take 9 damage, and now have 4/33 hp.
MASSIVE DAMAGE!! (PAUSE)
The endoplasm hits you.
* * * LOW HITPOINT WARNING * * *
😱 HP[-1]
You take 1 damage, and now have 3/33 hp.
The hobgoblin closely misses you. 😱 HP[+1]
The ball python closely misses you. The ball python grabs you.
The ball python constricts you.
* * * LOW HITPOINT WARNING * * *
😱 HP[-1]
You take 1 damage, and now have 3/33 hp.
You escape the ball python's grasp.
The endoplasm closely misses you. The gnoll closely misses you.
The gnoll misses you. The endoplasm closely misses you.
The gnoll hits you with a +0 halberd!
You die...

Skill      XL: |  1 |
---------------+----+-----
Transmutations | 2 |  2.0
Fire Magic     | 2 |  2.0
Fighting       | |  8.4
Short Blades   | |  0.3
Long Blades    | |  0.3
Axes           | |  0.3
Maces & Flails | |  0.3
Polearms       | |  0.3
Staves         | |  0.3
Slings         | |  0.3
Bows           | |  0.3
Crossbows      | |  0.3
Throwing       | |  4.4
Armour         | |  0.3
Dodging        | |  2.4
Stealth        | |  0.3
Shields        | |  0.3
Unarmed Combat | |  0.3
Spellcasting   | |  2.7
Conjurations   | |  0.2
Hexes          | |  0.2
Summonings     | |  0.2
Necromancy     | |  0.2
Translocations | |  0.2
Ice Magic      | |  0.2
Air Magic      | |  0.2
Earth Magic    | |  0.2
Poison Magic   | |  0.2
Invocations    | |  0.4
Evocations     | |  0.3

Action                   || total
-------------------------++-------
Melee: Dagger            ||    49
       Bite              ||     7
       Whip              ||     8
  Use: Potion            ||     1
Armor: Robe              ||    18
Dodge: Dodged            ||    71

Levels and vault maps discovered:
D:1:      zelgadis_glass_arrival_small, layout_basic, hangedman_decor_push
D:2:      layout_rooms

Notes
Turn   | Place    | Note
-------+----------+-------------------------------------------
     0 | D:1      | sakkuzi the Gnoll Wanderer began the quest for the Orb.
     0 | D:1      | sakkuzi set off with the following items: a +0 dagger
                  | {short}, a potion of lignification {!q}, a +0 robe, a
                  | potion of curing {@q1}; and the following spell memorised:
                  | Foxfire; and the following spells available to memorise:
                  | Conjure Flame, Inner Flame, Sticky Flame, Fireball
     0 | D:1      | Reached XP level 1. HP: 26/26 MP: 4/4
     0 | D:1      | magus.rc [v1.9.6]
   252 | D:1      | Reached skill level 2 in Transmutations
   252 | D:1      | Reached skill level 2 in Fire Magic
   357 | D:1      | HP: 6/26 [hobgoblin (2)]
   368 | D:1      | Reached XP level 2. HP: 20/33 MP: 5/5
   374 | D:1      | HP: 5/33 [frozen (5)]
   644 | D:1      | You fall into a shaft and drop 1 floor!
   702 | D:2      | HP: 4/33 [gnoll (9)]
   710 | D:2      | Mangled by a gnoll

Vanquished Creatures
  A dart slug (D:1)
  An endoplasm (D:1)
  A goblin (D:1)
  A hobgoblin (D:1)
  A kobold (D:2)
  A ball python (D:1)
  3 bats (D:1)
9 creatures vanquished.

Table legend:
 A = Non-vault XP
 B = Vault XP
 C = Vault XP percentage of total XP
 D = Non-vault monster count
 E = Vault monster count
 F = Vault count percentage of total count
                 A         B        C        D         E       F
            +---------+---------+-------+---------+---------+-------
      Total |      16 |       0 |   0.0 |       9 |       0 |   0.0
            +---------+---------+-------+---------+---------+-------
        D:1 |      14 |       0 |   0.0 |       8 |       0 |   0.0
        D:2 |       2 |       0 |   0.0 |       1 |       0 |   0.0
            +---------+---------+-------+---------+---------+-------

Illustrated notes

Table legend:
 A = Kills in this place as a percentage of kills in entire the game.
 B = Kills by you in this place as a percentage of kills by you in the entire game.
 C = Kills by friends in this place as a percentage of kills by friends in the entire game.
 D = Other kills in this place as a percentage of other kills in the entire game.
 E = Experience gained in this place as a percentage of experience gained in the entire game.
 F = Experience gained in this place divided by the number of levels of this place that you have seen.
                   A       B       C       D       E      F
               +-------+-------+-------+-------+-------+----------------------
         Total | 100.0 | 100.0 |   N/A |   N/A | 100.0 |   8.0
       Dungeon | 100.0 | 100.0 |   N/A |   N/A | 100.0 |   8.0
               +-------+-------+-------+-------+-------+----------------------

Table legend: (Time is in decaauts)
 A = Elapsed time spent in this place.
 B = Non-inter-level travel time spent in this place.
 C = Inter-level travel time spent in this place.
 D = Time resting spent in this place.
 E = Time spent auto-exploring this place.
 F = Levels seen in this place.
 G = Mean time per level.
                   A        B        C        D        E       F      G
               +--------+--------+--------+--------+--------+-----+--------+
         Total |    709 |    709 |      0 |    254 |    154 |   2 |  354.5 |
       Dungeon |    709 |    709 |      0 |    254 |    154 |   2 |  354.5 |
               +--------+--------+--------+--------+--------+-----+--------+

Top non-repeatable levels by time:
     D:1: 643 daAuts
     D:2: 66 daAuts
